 Dungeon Crawl Stone Soup version 0.31-a0-876-gfe8ebadbca (webtiles) character file.

Game seed: 15930167470463912612

44 BinkBink the Trooper (level 3, -6/29 HPs)
             Began as a Demonspawn Fighter on Oct 13, 2023.
             Was a Follower of Uskayaw.
             Killed by nerve-wracking pain
             ... invoked by an orc priest
              (10 damage)
             ... on level 2 of the Dungeon.
             The game lasted 00:01:51 (1244 turns).

BinkBink the Trooper (Demonspawn Fighter)           Turns: 1244, Time: 00:01:51

Health: -6/29      AC:  6    Str: 16    XL:     3   Next: 41%
Magic:  3/3        EV:  9    Int:  9    God:    Uskayaw [*.....]
Gold:   73         SH:  4    Dex: 14    Spells: 2/2 levels left

rFire   . . .        a - +0 rapier
rCold   . . .        c - +0 buckler
rNeg    . . .        b - +0 scale mail
rPois   .            (no helmet)
rElec   .            (no cloak)
rCorr   .            (no gloves)
SInv    .            (no boots)
Will    .....        (no amulet) Stlth
                     (no ring)
HPRegen 0.24/turn    (no ring)
MPRegen 0.08/turn

%: no passive effects
@: no status effects
A: demonic touch 1
a: Renounce Religion, Stomp


You were on level 2 of the Dungeon.
You worshipped Uskayaw.
Uskayaw was noncommittal.
You visited 1 branch of the dungeon, and saw 2 of its levels.

You collected 73 gold pieces.

Inventory:

Hand Weapons
 a - a +0 rapier (weapon)
Armour
 b - a +0 scale mail (worn)
 c - a +0 buckler (worn)
Scrolls
 e - 2 scrolls of noise {unknown}
 f - 3 scrolls of identify {unknown}
 j - a scroll of silence {unknown}
 k - a scroll of revelation {unknown}
 m - a scroll of blinking {unknown}
Potions
 d - 3 potions of might
 g - a potion of haste {unknown}
 h - a potion of berserk rage {unknown}
 i - a potion of curing {unknown}
 l - a potion of mutation {unknown}
 n - a potion of magic {unknown}


   Skills:
 + Level 3.4 Fighting
 * Level 2.7 Short Blades
 - Level 2.6 Armour
 + Level 1.1 Dodging
 - Level 2.6 Shields


You had 2 spell levels left.
You didn't know any spells.
Your spell library contained the following spells:

 Spells                   Type           Power      Damage    Failure   Level
 Wereblood                Tmut           0%         N/A       96%         2
 Irradiate                Conj/Tmut      0%         3d11      100%        5


Dungeon Overview and Level Annotations

Branches:
Dungeon (2/15)

Altars:
Uskayaw


Innate Abilities, Weirdness & Mutations

Your touch may inflict minor irresistible damage on your foes.


Message History

The hobgoblin barely misses you.
You barely miss the hobgoblin.
The endoplasm quivers.
You block the hobgoblin's attack.
You hit the hobgoblin but do no damage. The hobgoblin hits you.
The hobgoblin hits you but does no damage.
You hit the orc but do no damage.
The hobgoblin hits you but does no damage.
The hobgoblin completely misses you.
You hit the orc.
The orc is severely wounded.
The hobgoblin hits you.
The orc priest calls upon Beogh to heal the orc.
The orc is healed somewhat.
You block the hobgoblin's attack.
You hit the orc but do no damage.
The orc is lightly wounded.
The hobgoblin hits you. The hobgoblin closely misses you.
The orc priest calls down the wrath of Beogh upon you.
Beogh smites you! You block the orc's attack.
Unknown command.
You are too injured to fight recklessly!
You are too injured to fight recklessly!
You are too injured to fight recklessly!
You are too injured to fight recklessly!
Unknown command.
You hit the orc but do no damage.
The orc is lightly wounded.
The hobgoblin hits you.
* * * LOW HITPOINT WARNING * * *
A rat comes into view.
You block the hobgoblin's attack.
The orc hits you with a +2 flail of protection.
* * * LOW HITPOINT WARNING * * *
You hit the orc priest.
The orc priest is lightly wounded.
The hobgoblin hits you.
* * * LOW HITPOINT WARNING * * *
The orc priest calls down the wrath of Beogh upon you.
Pain shoots through your body!
You die...

..... .#.#..
......##### ##
#.#...^..# #<
.........# ##
.#.#......#
...r..oo..####
..?..og@..'..####
......gJ..##....#
..........#####.##
..........# #..#
..........# ##.###
########### #...##
###..### ##...#
###.##


You could see an orc priest, 2 orcs, an endoplasm, 2 hobgoblins and a rat.

Vanquished Creatures
  5 dart slugs
  6 ball pythons (D:1)
  4 endoplasms (D:1)
  2 giant cockroaches
  A goblin (D:1)
  3 hobgoblins (D:1)
  4 jackals
  2 kobolds (D:1)
  A quokka (D:1)
  A bat (D:2)
  A rat (D:2)
30 creatures vanquished.

Notes
Turn   | Place    | Note
-------+----------+-------------------------------------------
     0 | D:1      | BinkBink the Demonspawn Fighter began the quest for the
                  | Orb.
     0 | D:1      | Reached XP level 1. HP: 18/18 MP: 1/1
   121 | D:1      | Gained mutation: Your touch may inflict minor irresistible
                  | damage on your foes. [demonic ancestry]
   121 | D:1      | Reached XP level 2. HP: 20/24 MP: 2/2
   433 | D:1      | Found a faded altar of an unknown god.
   491 | D:1      | Reached skill level 1 in Dodging
   504 | D:1      | Reached XP level 3. HP: 7/29 MP: 3/3
  1003 | D:1      | Prayed at the altar of an unknown god.
  1003 | D:1      | Became a worshipper of Uskayaw the Reveller
  1003 | D:1      | Reached * piety under Uskayaw
  1174 | D:2      | Reached ** piety under Uskayaw
  1244 | D:2      | Killed from afar by an orc priest

Illustrated notes

Levels and vault maps discovered:
D:1:      arrival_zaba_pyramid, layout_basic,
          hellmonk_ecumenical_altar_arch_garden, minmay_unequal
D:2:      layout_basic, kennysheep_crisscross, st_stairs_9

Skill      XL: |  1  2 |
---------------+-------+-----
Short Blades   | 2 |  2.7
Dodging        | 1 |  1.1
Fighting       | |  3.4
Armour         | |  2.6
Shields        | |  2.6

Action                     || total
---------------------------++-------
  Melee: Rapier            ||   118
 Armour: Scale mail        ||    88
  Dodge: Dodged            ||    53
  Block: Buckler           ||    27

Table legend: (Time is in decaauts)
 A = Elapsed time spent in this place.
 B = Non-inter-level travel time spent in this place.
 C = Inter-level travel time spent in this place.
 D = Time resting spent in this place.
 E = Time spent auto-exploring this place.
 F = Levels seen in this place.
 G = Mean time per level.
                   A        B        C        D        E       F      G
               +--------+--------+--------+--------+--------+-----+--------+
         Total |   1257 |   1227 |     30 |      0 |    978 |   2 |  628.5 |
       Dungeon |   1257 |   1227 |     30 |      0 |    978 |   2 |  628.5 |
               +--------+--------+--------+--------+--------+-----+--------+

Top non-repeatable levels by time:
     D:1: 1044 daAuts
     D:2: 213 daAuts
